 Dungeon Crawl Stone Soup version 0.30-a0-1074-g5db6f66fbb (webtiles) character file.

Game seed: 5953164556648060954

1947 themarg the Summoner (level 9, -1/68 HPs)
             Began as a Merfolk Summoner on Apr 13, 2023.
             Was a Follower of Sif Muna.
             Constricted to death by Joseph (8 damage)
             ... on level 8 of the Dungeon.
             The game lasted 00:23:14 (8480 turns).

themarg the Summoner (Merfolk Summoner)             Turns: 8480, Time: 00:23:14

Health: -1/68      AC:  8    Str:  8    XL:     9   Next: 18%
Magic:  1/12       EV: 11    Int: 18    God:    Sif Muna [*.....]
Gold:   474        SH:  0    Dex: 15    Spells: 2/12 levels left

rFire   . . .      SeeInvis .    f - +0 trident
rCold   . . .      Faith    .    (no shield)
rNeg    . . .      Spirit   .    a - +0 robe
rPois   +          Reflect  .    E - +0 helmet
rElec   .          Rampage  .    i - +0 cloak
rCorr   .                        p - +2 pair of gloves
Will    .....                    O - +0 pair of boots
Stlth   ++                       (no amulet)
HPRegen 0.31/turn                j - +4 ring of slaying
MPRegen 0.13/turn                J - ring of poison resistance

@: grasped by roots, constricted
A: (nimble swimmer 2), mertail
a: Renounce Religion, Channel Magic


You were on level 8 of the Dungeon.
You worshipped Sif Muna.
Sif Muna was aware of your devotion.
You visited 1 branch of the dungeon, and saw 8 of its levels.
You also visited: Sewer.

You collected 537 gold pieces.
You spent 63 gold pieces at shops.

Inventory:

Hand Weapons
 c - a +0 mace
 f - a +0 trident (weapon)
Missiles
 d - 52 stones
 C - 2 curare-tipped darts
 I - 14 poisoned darts
Armour
 a - a +0 robe (worn)
 i - a +0 cloak (worn)
 p - a +2 pair of gloves (worn)
 E - a +0 helmet (worn)
 O - a +0 pair of boots (worn)
Jewellery
 j - a +4 ring of slaying (left hand)
 l - a ring of fire
 J - a ring of poison resistance (right hand)
 Q - an amulet of faith
Wands
 H - a wand of roots (8)
 K - a wand of acid (9)
 M - a wand of digging (4)
 R - a wand of flame (15)
Scrolls
 e - 2 scrolls of noise {unknown}
 g - 2 scrolls of amnesia
 k - 2 scrolls of fear {unknown}
 m - a scroll of enchant weapon {unknown}
 q - 2 scrolls of blinking {unknown}
 t - 2 scrolls of fog {unknown}
 y - 2 scrolls of torment {unknown}
 A - 3 scrolls of teleportation
 B - 2 scrolls of magic mapping {unknown}
 F - a scroll of immolation {unknown}
 L - a scroll of enchant armour {unknown}
 P - a scroll of poison {unknown}
Potions
 b - 2 potions of magic
 h - a potion of flight {unknown}
 n - 2 potions of resistance {unknown}
 o - 3 potions of curing
 r - a potion of heal wounds
 s - 3 potions of haste
 u - 2 potions of invisibility
 v - 5 potions of cancellation
 w - a potion of brilliance {unknown}
 x - 3 potions of mutation {unknown}
 z - a potion of might {unknown}
 D - 2 potions of ambrosia {unknown}
 G - 2 potions of berserk rage {unknown}
 N - 2 potions of lignification {unknown}


   Skills:
 - Level 5.0 Fighting
 - Level 5.0 Dodging
 - Level 3.0 Stealth
 - Level 2.0 Spellcasting
 + Level 10.0 Summonings
 + Level 3.1 Air Magic


You had 2 spell levels left.
You knew the following spells:

 Your Spells              Type           Power      Damage    Failure   Level
a - Summon Small Mammal   Summ           100%       N/A       1%          1
b - Call Imp              Summ           76%        N/A       1%          2
c - Call Canine Familiar  Summ           38%        N/A       1%          3
d - Summon Lightning Spi  Summ/Air       25%        N/A       12%         4

Your spell library contained the following spells:

 Spells                   Type           Power      Damage    Failure   Level
 Apportation              Tloc           2%         N/A       19%         1
 Foxfire                  Conj/Fire      4%         2x1d4     19%         1
 Necrotise                Necr           4%         1d4       19%         1
 Lesser Beckoning         Tloc           2%         N/A       26%         2
 Summon Guardian Golem    Hex/Summ       19%        N/A       7%          3
 Gell's Gravitas          Tloc           1%         N/A       47%         3
 Teleport Other           Tloc           1%         N/A       47%         3
 Vampiric Draining        Necr           1%         2d6       47%         3
 Agony                    Necr           1%         N/A       99%         5
 Alistair's Intoxication  Tmut/Pois      0%         N/A       99%         5
 Fireball                 Conj/Fire      0%         3d3       99%         5
 Plasma Beam              Fire/Air       3%         2x1d15    100%        6
 Starburst                Conj/Fire      0%         6d3       100%        6


Dungeon Overview and Level Annotations

Branches:
Dungeon (8/15)             Temple (0/1) D:7           Sewer (visited)
   Lair: D:8-11

Altars:
Gozag
Hepliaklqana
Nemelex Xobeh
Okawaru
Sif Muna
Vehumet
Wu Jian
Xom
Zin
The Shining One

Shops:
D:1 [

Annotations:
D:8 Joseph


Innate Abilities, Weirdness & Mutations

((You are very nimble when in or above water. (Stealth+, EV+, Speed+++)))
Your lower body shifts to a powerful aquatic tail in water.


Message History

Your hound struggles to escape constriction.
You escape the roots grasp.
Your hound struggles to escape constriction.
The grasping roots constrict your hound.
Your hound struggles to escape constriction.
Joseph shoots a sling bullet.
The sling bullet hits your hound!
Your hound dies!
Your hound's corpse disappears in a puff of smoke!
Joseph shoots a sling bullet.
The sling bullet hits you.
Joseph shoots a sling bullet.
The sling bullet hits you.
Joseph is no longer covered in acid.
Joseph shoots a sling bullet.
The sling bullet hits you!
* * * LOW HITPOINT WARNING * * *
The wyvern zombie attacks as you move away!
The wyvern zombie barely misses you.
Joseph shoots a sling bullet.
The sling bullet closely misses you. The wyvern zombie closely misses you.
The wyvern zombie attacks as you move away!
The wyvern zombie barely misses you.
The wyvern zombie attacks as you move away!
The wyvern zombie closely misses you.
The wyvern zombie attacks as you move away!
The wyvern zombie misses you. The wyvern zombie bites you!
* * * LOW HITPOINT WARNING * * *
You puncture the wyvern zombie!
The wyvern zombie is moderately damaged.
The wyvern zombie barely misses you.
You hit the wyvern zombie.
The wyvern zombie is heavily damaged.
The wyvern zombie closely misses you. The wyvern zombie bites you.
* * * LOW HITPOINT WARNING * * *
You puncture the wyvern zombie!
The wyvern zombie is heavily damaged.
The wyvern zombie bites you but does no damage.
The wyvern zombie closely misses you. The wyvern zombie closely misses you.
The wyvern zombie closely misses you.
Joseph zaps a wand.
The roots erupt in riotous growth!
The wyvern zombie is unaffected.
The grasping roots grab you!
Joseph is unaffected.
The grasping roots constrict you!
You die...

#### ...# ##.### .....###
.......## ### .##.....## #..
.##.....#.######.# #
.....##..#......r# .#
.....##..# #@###.# .._......#
####.Z...# .# .........#
..####@### #.## ....≈≈...#
#.# #.#####...### ♣♣..≈§..##
#.# #........... ♣♣§§....#
#.####..####...# ........##
#.......#...#.##
.....##..####.####........###
########...)#.# ##.@.......♣


You could see Joseph, a wyvern zombie (ally target) and a friendly quokka
(summoned).

Vanquished Creatures
  An ice beast (D:7)
  A scorpion (D:5)
  2 wights (D:8)
  A crimson imp (D:6)
  A hound (D:5)
  An orc priest (D:3)
  2 iguanas (D:5)
  2 adders
  2 gnolls (D:7)
  A river rat (D:3)
  2 white imps (D:7)
  A worm (D:4)
  5 orcs
  6 ball pythons
  6 endoplasms
  3 giant cockroaches (D:3)
  4 goblins
  3 quokkas
  3 bats
  A frilled lizard (Sewer)
  2 kobolds (D:1)
  A rat (D:1)
51 creatures vanquished.

Vanquished Creatures (collateral kills)
  An orc warrior (D:8)
  3 ice beasts
  A hornet zombie (D:8)
  A phantom (D:4)
  2 scorpions
  2 wights (D:8)
  2 howler monkeys
  2 centaur zombies (D:8)
  5 jellies
  3 orc priests
  A gnoll bouda (D:7)
  A sleepcap (D:8)
  2 iguanas
  An orc wizard (D:4)
  2 river rats (Sewer)
  8 adders
  A gnoll (D:7)
  2 white imps (D:6)
  2 worms (D:3)
  2 dart slugs
  9 orcs
  10 endoplasms
  6 giant cockroaches (Sewer)
  5 goblins
  4 hobgoblins
  2 kobolds (D:4)
  A quokka (D:4)
  7 ball pythons
  4 bats
  9 frilled lizards
  5 rats
106 creatures vanquished.

Vanquished Creatures (others)
  A quokka (D:4)
1 creature vanquished.

Grand Total: 158 creatures vanquished

Notes
Turn   | Place    | Note
-------+----------+-------------------------------------------
     0 | D:1      | themarg the Merfolk Summoner began the quest for the Orb.
     0 | D:1      | Reached XP level 1. HP: 13/13 MP: 3/3
   165 | D:1      | Reached XP level 2. HP: 10/19 MP: 3/5
   174 | D:1      | Learned a level 2 spell: Call Imp
   607 | D:1      | Found Zaucu's Armour Shoppe.
   956 | D:2      | Reached XP level 3. HP: 24/24 MP: 2/6
   960 | D:2      | Learned a level 3 spell: Call Canine Familiar
  1616 | D:2      | Reached skill level 5 in Summonings
  1784 | D:2      | Reached XP level 4. HP: 29/30 MP: 1/7
  2170 | D:3      | Found a glowing drain.
  2174 | Sewer    | Entered a sewer
  2295 | Sewer    | Reached XP level 5. HP: 35/35 MP: 5/8
  2341 | Sewer    | Reached skill level 6 in Summonings
  2495 | Sewer    | Found a viscous altar of Jiyva.
  2661 | Sewer    | Reached XP level 6. HP: 39/41 MP: 4/9
  2779 | D:3      | Reached skill level 7 in Summonings
  3382 | D:3      | Found a shimmering blue altar of Sif Muna.
  3384 | D:3      | Found a glowing silver altar of Zin.
  3384 | D:3      | Found a glowing golden altar of the Shining One.
  3384 | D:3      | Found an iron altar of Okawaru.
  3384 | D:3      | Found a sparkling altar of Nemelex Xobeh.
  3384 | D:3      | Found a shimmering altar of Xom.
  3385 | D:3      | Found a hazy altar of Hepliaklqana.
  3390 | D:3      | Became a worshipper of Sif Muna the Loreminder
  3825 | D:4      | Reached XP level 7. HP: 45/46 MP: 7/10
  3831 | D:4      | Reached skill level 8 in Summonings
  3839 | D:4      | Noticed a steam dragon
  4945 | D:4      | Found a radiant altar of Vehumet.
  5134 | D:5      | Entered Level 5 of the Dungeon
  5262 | D:5      | Reached skill level 1 in Air Magic
  5987 | D:5      | Reached skill level 9 in Summonings
  6231 | D:6      | Reached XP level 8. HP: 52/52 MP: 11/11
  6733 | D:7      | Learned a level 4 spell: Summon Lightning Spire
  6765 | D:7      | HP: 2/52 [orc priest/divine providence (12)]
  6873 | D:7      | Reached * piety under Sif Muna
  6967 | D:7      | Reached skill level 10 in Summonings
  7163 | D:7      | Found an opulent altar of Gozag.
  7247 | D:7      | Reached skill level 1 in Fighting
  7395 | D:7      | Found a staircase to the Ecumenical Temple.
  7868 | D:1      | Bought a +0 pair of boots for 63 gold pieces
  8035 | D:8      | Noticed Joseph
  8234 | D:8      | Found an ornate altar of the Wu Jian Council.
  8349 | D:8      | Reached skill level 5 in Dodging
  8349 | D:8      | Reached XP level 9. HP: 64/64 MP: 4/12
  8435 | D:8      | Reached skill level 5 in Fighting
  8480 | D:8      | Constricted to death by Joseph

Illustrated notes

Levels and vault maps discovered:
D:1:      dpeg_arrival_short_road, layout_rooms, serial_shops,
          nicolae_shop_behind_doors
D:2:      kennysheep_big_flooded_room, layout_basic, corner_web_ring
D:3:      cheibrodos_pilgrimage, layout_loops_ring, grunt_temple_overflow_open,
          gup_sewer_entry_spiral
D:4:      layout_loops_ring, mainiacjoe_overflow_catwalk, minmay_circle_x
D:5:      layout_loops_cross
D:6:      layout_rooms, minmay_fire_ice_demons
D:7:      layout_basic, nicolae_gozag_cash_rules_everything_around_me,
          minmay_temple_entry_glassed_door
D:8:      layout_loops_ring, nicolae_yredelemnul_corpse_copse,
          grunt_dithmenos_smoke, nicolae_wu_jian_wuxing_cycle,
          erik_lair_orcish_takeover, uniq_maurice, uniq_joseph

Skill      XL: |  1  2  3  4  5  6  7  8  9 |
---------------+----------------------------+-----
Stealth        | 3 |  3.0
Summonings     | 5 6 7 9 10 | 10.0
Air Magic      | 2 3 |  3.1
Fighting       | 3 5 |  5.0
Dodging        | 5 |  5.0
Spellcasting   | |  2.0

Action                     |  1- 3 |  4- 6 |  7- 9 || total
---------------------------+-------+-------+-------++-------
  Melee: Mace              |    61 |    96 |    12 ||   169
         Tailslap          |       |     5 |       ||     5
         Trident           |       |       |   100 ||   100
         Punch             |       |       |     1 ||     1
   Cast: Summon Small Mamm |    44 |    11 |     1 ||    56
         Call Imp          |     6 |    12 |    24 ||    42
         Call Canine Famil |     2 |    20 |    45 ||    67
         Summon Lightning  |       |       |     2 ||     2
  Evoke: Wand              |       |       |     2 ||     2
    Use: Scroll            |       |     4 |     4 ||     8
         Potion            |       |       |     3 ||     3
   Stab: Sleeping          |       |     1 |       ||     1
         Distracted        |       |     1 |       ||     1
 Armour: Robe              |    26 |    26 |    38 ||    90
  Dodge: Dodged            |    71 |    62 |    88 ||   221

Table legend: (Time is in decaauts)
 A = Elapsed time spent in this place.
 B = Non-inter-level travel time spent in this place.
 C = Inter-level travel time spent in this place.
 D = Time resting spent in this place.
 E = Time spent auto-exploring this place.
 F = Levels seen in this place.
 G = Mean time per level.
                   A        B        C        D        E       F      G
               +--------+--------+--------+--------+--------+-----+--------+
         Total |   8531 |   7896 |    635 |    722 |   5466 |   9 |  947.9 |
       Dungeon |   8004 |   7369 |    635 |    673 |   5169 |   8 | 1000.5 |
         Sewer |    527 |    527 |      0 |     49 |    297 |   1 |  527.0 |
               +--------+--------+--------+--------+--------+-----+--------+

Top non-repeatable levels by time:
     D:3: 1654 daAuts
     D:7: 1285 daAuts
     D:2: 1160 daAuts
     D:5: 1013 daAuts
     D:4: 994 daAuts
     D:1: 981 daAuts
     D:6: 643 daAuts
   Sewer: 527 daAuts
     D:8: 270 daAuts
